 Dungeon Crawl Stone Soup version 0.22-a0-136-g83a10e5 (webtiles) character file.

4 mhoghedin the Gusty (level 1, 0/10 HPs)
             Began as a Tengu Air Elementalist on Feb 3, 2018.
             Slain by a jackal (1 damage)
             ... on level 1 of the Dungeon.
             The game lasted 00:00:52 (237 turns).

mhoghedin the Gusty (Tengu Air Elementalist)         Turns: 237, Time: 00:00:52

Health: 0/10       AC:  2    Str:  8    XL:     1   Next: 70%
Magic:  3/4        EV: 12    Int: 15    God:
Gold:   0          SH:  0    Dex: 14    Spells: 3/4 levels left

rFire    . . .     SeeInvis .   d - +0 short sword (speed)
rCold    . . .     Gourm    .   (no shield)
rNeg     . . .     Faith    .   a - +0 robe
rPois    .         Spirit   .   (helmet restricted)
rElec    .         Reflect  .   (no cloak)
rCorr    .         Harm     .   (no gloves)
MR       .....                  (boots unavailable)
Stlth    ++........             (no amulet)
HPRegen  0.03/turn              (no ring)
MPRegen  0.09/turn              (no ring)

@: no status effects
A: beak, talons 3
a: no special abilities


You were on level 1 of the Dungeon.
You were not hungry.

You visited 1 branch of the dungeon, and saw 1 of its levels.

Inventory:

Hand Weapons
 d - a +0 short sword of speed (weapon)
   (You found it on level 1 of the Dungeon)
Armour
 a - a +0 robe (worn)
Books
 b - a book of Air
Comestibles
 c - a ration
 f - a chunk of flesh {@w0}


   Skills:
 - Level 2.1 Dodging
 - Level 2.0 Stealth
 + Level 2.1 Spellcasting
 + Level 1.7 Conjurations
 + Level 4.1 Air Magic


You had 3 spell levels left.
You knew the following spells:

 Your Spells              Type           Power        Failure   Level  Hunger
a - Shock                 Conj/Air       ##..         6%          1    #......


Dungeon Overview and Level Annotations

Branches:
Dungeon (1/15)

Altars:


Innate Abilities, Weirdness & Mutations

You have a beak for a mouth.
You have claws for feet.


Message History

Your peck misses the giant cockroach. The dart slug launches a dart at you.
The slug dart hits you!
Ouch! That really hurt!
The giant cockroach bites you.
You take 6 damage, and have 4/10 hp.
MASSIVE DAMAGE!!
You hit the giant cockroach but do no damage.
The giant cockroach barely misses you.
You barely miss the giant cockroach.
You claw the giant cockroach, but do no damage.
Your peck misses the giant cockroach. The giant cockroach barely misses you.
You hit the giant cockroach. Your peck misses the giant cockroach.
The giant cockroach barely misses you.
You hit the giant cockroach but do no damage.
Your kick misses the giant cockroach. You hit the giant cockroach.
You kill the giant cockroach!
Aim: a dart slug The zap hits the dart slug.
You now have 3/4 mp.
Aim: a dart slug (moderately wounded)
The zap hits the dart slug.
You now have 2/4 mp.
Okay, then.
Unknown command.
The dart slug barely misses you.
Aim: a dart slug (moderately wounded)
The zap hits the dart slug.
The dart slug bites you but does no damage.
You now have 2/4 mp.
Okay, then.
You hit the dart slug but do no damage.
You peck the dart slug, but do no damage.
You hit the dart slug. You claw the dart slug.
The dart slug launches a dart at you. The slug dart misses you.
You hit the dart slug. You hit the dart slug.
You kill the dart slug!
You see here a dart slug corpse.
You butcher the dart slug corpse.
f - a chunk of flesh {@w0} You start resting.
Health restored: 10; MP restored: 4 The bat is too close now for your liking.
A bat is nearby!
A bat is nearby!
The bat barely misses you.
You barely miss the bat. The bat closely misses you.
You miss the bat. The bat hits you.
You take 1 damage, and have 9/10 hp.
The bat closely misses you.
A jackal comes into view.
The bat hits you.
You take 1 damage, and have 8/10 hp.
The jackal barks!
The bat hits you but does no damage.
Found a stone staircase leading down.
The bat closely misses you.
A jackal comes into view.
The bat hits you but does no damage.
The jackal moves out of view.
The bat closely misses you.
You hit the bat. The bat barely misses you.
The bat hits the plant but does no damage.
You miss the bat.
The jackal barks!
The bat hits you but does no damage.
You barely miss the jackal. The jackal closely misses you.
You closely miss the jackal. The bat hits you but does no damage.
The jackal barely misses you.
You barely miss the bat.
You kill the bat!
The jackal misses you.
You closely miss the jackal. You claw the jackal. The jackal bites you.
You take 2 damage, and have 6/10 hp.
You are too injured to fight recklessly!
You are too injured to fight recklessly!
You are too injured to fight recklessly!
Unknown command.
You are too injured to fight recklessly!
You closely miss the jackal. The jackal barely misses you.
The jackal closely misses you. The jackal bites you. x2
* * * LOW HITPOINT WARNING * * *
The jackal closely misses you.
The jackal bites you but does no damage.
You take 4 damage, and have 2/10 hp.
MASSIVE DAMAGE!!
Okay, then.
The jackal misses you. The jackal bites you.
* * * LOW HITPOINT WARNING * * *
You take 1 damage, and have 1/10 hp.
The jackal completely misses you. The jackal closely misses you.
The zap hits the jackal. x2; The zap hits the plant.
The plant appears unharmed.
You now have 3/4 mp.
A goblin comes into view. It is wielding a dagger of venom.
The jackal barely misses you. x2; The jackal bites you.
You die...

#. ##?##.
....#.# ......
#...# #
#..####### #.
#........## #..
#...h@(...#
#...#...h##....#
#.>.......#
...!g
#)..##.#..##
....
##.........# ###
#.....P...#
#.....♣...# ####
#.......♣.#
+.P##
#......♣P.#
#.♣P#


You could see 2 jackals and a goblin (sleeping).

Vanquished Creatures
  A dart slug (D:1)
  A giant cockroach (D:1)
  A bat (D:1)
3 creatures vanquished.

Notes
Turn   | Place    | Note
-------+----------+-------------------------------------------
     0 | D:1      | mhoghedin the Tengu Air Elementalist began the quest for the Orb.
     0 | D:1      | Reached XP level 1. HP: 10/10 MP: 4/4
   226 | D:1      | HP: 2/10 [jackal (2)]
   237 | D:1      | Slain by a jackal

Vault maps used:
D:1:      denvon_arrival_planthouse

Action                   || total
-------------------------++-------
Melee: Short sword       ||    19
       Kick              ||     5
       Peck              ||     1
 Cast: Shock             ||     4
Armor: Robe              ||     6
Dodge: Dodged            ||    22

Table legend:
 A = Spawn XP
 B = Non-spawn XP
 C = Spawn XP percentage of total XP
 D = Spawn monster count
 E = Non-spawn monster count
 F = Spawn count percentage of total count
 G = Total turns spent on level
                    A         B        C        D         E        F      G
               +---------+---------+-------+---------+---------+-------+---------
         Total |       0 |       7 |   0.0 |       0 |       3 |   0.0 |   237
               +---------+---------+-------+---------+---------+-------+---------
           D:1 |       0 |       7 |   0.0 |       0 |       3 |   0.0 |   237
               +---------+---------+-------+---------+---------+-------+---------

Vault maps used:
D:1:      denvon_arrival_planthouse

Table legend:
 A = Turns spent in this place as a percentage of turns spent in the entire game.
 B = Non-inter-level travel turns spent in this place as a percentage of non-inter-level travel turns spent in the entire game.
 C = Inter-level travel turns spent in this place as a percentage of turns spent in this place.
 D = Turns resting spent in this place as a percentage of non-inter-level travel turns spent in this place.
 E = Turns spent auto-exploring this place as a percentage of non-inter-level travel turns spent in this place.
 F = Non-inter-level travel turns spent in this place divided by the number of levels of this place that you've seen.
                   A       B       C       D       E      F
               +-------+-------+-------+-------+-------+----------------------
         Total | 100.0 | 100.0 |   0.0 |  65.8 |   6.8 | 237.0
       Dungeon | 100.0 | 100.0 |   0.0 |  65.8 |   6.8 | 237.0
               +-------+-------+-------+-------+-------+----------------------

Table legend:
 A = Kills in this place as a percentage of kills in entire the game.
 B = Kills by you in this place as a percentage of kills by you in the entire game.
 C = Kills by friends in this place as a percentage of kills by friends in the entire game.
 D = Other kills in this place as a percentage of other kills in the entire game.
 E = Experience gained in this place as a percentage of experience gained in the entire game.
 F = Experience gained in this place divided by the number of levels of this place that you have seen.
                   A       B       C       D       E      F
               +-------+-------+-------+-------+-------+----------------------
         Total | 100.0 | 100.0 |   N/A |   N/A | 100.0 |   7.0
       Dungeon | 100.0 | 100.0 |   N/A |   N/A | 100.0 |   7.0
               +-------+-------+-------+-------+-------+----------------------
